 Dungeon Crawl Stone Soup version 0.29.1-12-g30fa7ad0bf (webtiles) character file.

Game seed: 10464161748480416378

32 concernfroge the Grave Robber (level 3, 0/24 HPs)
             Began as a Demonspawn Necromancer on Jan 7, 2023.
             Slain by a ball python (2 damage)
             ... on level 2 of the Dungeon.
             The game lasted 00:05:38 (1388 turns).

concernfroge the Grave Robber (DsNe)                Turns: 1388, Time: 00:05:39

Health: 0/24       AC:  2    Str:  8    XL:     3   Next: 10%
Magic:  2/7        EV:  9    Int: 20    God:
Gold:   40         SH:  0    Dex: 13    Spells: 6/7 levels left

rFire   . . .      SeeInvis .   c - +0 short sword (protect)
rCold   . . .      Faith    .   (no shield)
rNeg    . . .      Spirit   .   a - +0 robe
rPois   .          Reflect  .   (no helmet)
rElec   .          Harm     .   (no cloak)
rCorr   .          Rampage  .   (no gloves)
Will    .....                   (no boots)
Stlth   +.........              (no amulet)
HPRegen 0.08/turn               (no ring)
MPRegen 0.10/turn               (no ring)

@: silenced, constricted
A: big brain 1
a: no special abilities


You were on level 2 of the Dungeon.
You visited 1 branch of the dungeon, and saw 2 of its levels.

You collected 40 gold pieces.

Inventory:

Hand Weapons
 c - a +0 short sword of protection (weapon)
Missiles
 h - 6 curare-tipped darts
Armour
 a - a +0 robe (worn)
Jewellery
 g - a +4 ring of slaying
Scrolls
 j - a scroll of immolation {unknown}
Potions
 b - a potion of magic
 f - a potion of mutation


   Skills:
 - Level 1.7 Dodging
 - Level 1.7 Stealth
 + Level 2.7 Spellcasting
 + Level 5.0 Necromancy


You had 6 spell levels left.
You knew the following spells:

 Your Spells              Type           Power      Damage    Failure   Level
a - Necrotise             Necr           88%        1d8       1%          1

Your spell library contained the following spells:

 Spells                   Type           Power      Damage    Failure   Level
 Vampiric Draining        Necr           22%        2d7       5%          3
 Animate Dead             Necr           22%        N/A       19%         4
 Agony                    Necr           22%        N/A       45%         5


Dungeon Overview and Level Annotations

Branches:
Dungeon (2/15)

Altars:

Shops:
D:1 (


Innate Abilities, Weirdness & Mutations

You have an unusually large brain. (Int +2)


Message History

Confirm with . or Enter, or press ? or * to list all spells.
You can't see any susceptible monsters within range! (Use Z to cast anyway.) Unknown command.
Casting: Necrotise (safe; 1% risk of failure)
Confirm with . or Enter, or press ? or * to list all spells.
Aiming: Necrotise (safe; 1% risk of failure)
Press: ? - help, Shift-Dir - straight line, f/p - worm
Aim: a worm (moderately wounded, chance to affect: 86%)
The worm writhes in agony.
The ball python hisses angrily.
Casting: Necrotise (safe; 1% risk of failure)
Confirm with . or Enter, or press ? or * to list all spells.
Aiming: Necrotise (safe; 1% risk of failure)
Press: ? - help, Shift-Dir - straight line, f/p - worm
Aim: a worm (heavily wounded, chance to affect: 86%)
The worm writhes in agony.
The worm bites you! The worm bites you!
* * * LOW HITPOINT WARNING * * *
As you read the scroll labelled QORCHA VIACUEMUE, it crumbles to dust.
It is a scroll of identify.
f - a potion of mutation The ball python barely misses you.
The ball python grabs you. The ball python constricts you.
Okay, then.
As you read the scroll labelled JAPSIO RAZIQU, it crumbles to dust.
It is a scroll of brand weapon.
Your +0 short sword projects an invisible shield of force!
c - a +0 short sword of protection (weapon)
The ball python bites you.
* * * LOW HITPOINT WARNING * * *
The ball python constricts you.
* * * LOW HITPOINT WARNING * * *
You barely miss the ball python. The ball python bites you.
* * * LOW HITPOINT WARNING * * *
The ball python constricts you.
* * * LOW HITPOINT WARNING * * *
As you read the scroll labelled YNIFFUAKICW, it crumbles to dust.
A profound silence engulfs you.
It was a scroll of silence.
The ball python bites you.
You die...

########### #.......#
..........# #.#####.#
#########.######.#...#.#
#.........#.#.#.###
#.........#.#.#....
########.........#.#.#....
.................#.#.#....
#########.########.#.#....
.. #@#......#.#.#####
...##.#S#.####.#.#.####.
.......w................
...##.#.#.##.#.###.#####
#.#.#.##.#...#.# #
#.#.##.#.###.# #.#.##.#.#
#.# #.#.##.#.. ..#
#......### ###


You could see a worm and a ball python.

Vanquished Creatures
  A gnoll (D:1)
  3 ball pythons (D:1)
  An endoplasm (D:2)
  3 goblins (D:1)
  2 hobgoblins
  3 kobolds
  A quokka (D:1)
  4 bats (D:1)
  A frilled lizard (D:1)
19 creatures vanquished.

Vanquished Creatures (collateral kills)
  A ball python (D:1)
  A rat (D:1)
2 creatures vanquished.

Grand Total: 21 creatures vanquished

Notes
Turn   | Place    | Note
-------+----------+-------------------------------------------
     0 | D:1      | concernfroge the Demonspawn Necromancer began the quest for
                  | the Orb.
     0 | D:1      | Reached XP level 1. HP: 13/13 MP: 3/3
   180 | D:1      | Gained mutation: You have an unusually large brain. (Int
                  | +2) [demonic ancestry]
   180 | D:1      | Reached XP level 2. HP: 19/19 MP: 0/5
   430 | D:1      | Found Ceahun's Weapon Boutique.
   918 | D:1      | Reached skill level 5 in Necromancy
   918 | D:1      | Reached XP level 3. HP: 23/24 MP: 4/7
  1388 | D:2      | Slain by a ball python

Illustrated notes

Levels and vault maps discovered:
D:1:      wheals_arrival_shading, layout_loops_corners, serial_shops, shop
D:2:      layout_basic, serial_shops, shop, nicolae_ecumenical_lake_church

Skill      XL: |  1  2 |
---------------+-------+-----
Necromancy     | 5 |  5.0
Dodging        | |  1.7
Stealth        | |  1.7
Spellcasting   | |  2.7

Action                   || total
-------------------------++-------
Melee: Short sword       ||     1
 Cast: Necrotise         ||    40
  Use: Scroll            ||     3
Dodge: Dodged            ||     3
